 Dungeon Crawl Stone Soup version 0.24-a0-715-g0b739ee41d (console) character file.

Game seed: 18188529249883802842, levelgen mode: deterministic

121 Garrluk the Chucker (level 5, 0/50 HPs)
             Began as an Ogre Hunter on Sept 30, 2019.
             Slain by an orc priest
             ... wielding a +1 short sword of flaming
              (4 damage)
             ... on level 3 of the Dungeon.
             The game lasted 00:07:05 (2065 turns).

Garrluk the Chucker (Ogre Hunter)                   Turns: 2065, Time: 00:07:05

Health: 0/50       AC:  4    Str: 16    XL:     5   Next: 5%
Magic:  5/5        EV: 10    Int: 13    God:
Gold:   75         SH:  0    Dex:  9    Spells: 4/4 levels left

rFire    + . .     SeeInvis .   j - +0 hand axe
rCold    . . .     Gourm    .   (no shield)
rNeg     . . .     Faith    .   b - +1 robe
rPois    .         Spirit   .   (helmet restricted)
rElec    .         Reflect  .   (no cloak)
rCorr    .         Harm     .   (gloves unavailable)
MR       .....                  (boots unavailable)
Stlth    +.........             (no amulet)
HPRegen  0.16/turn              p - ring of protection from fire
MPRegen  0.09/turn              (no ring)

@: no status effects
A: large, unfitting armour, tough skin 1
a: no special abilities


You were on level 3 of the Dungeon.
You were hungry.

You visited 1 branch of the dungeon, and saw 4 of its levels.

You collected 75 gold pieces.

Notes
Turn   | Place    | Note
-------+----------+-------------------------------------------
     0 | D:1      | Garrluk the Ogre Hunter began the quest for the Orb.
     0 | D:1      | Reached XP level 1. HP: 22/22 MP: 1/1
   424 | D:1      | Reached XP level 2. HP: 29/29 MP: 2/2
   562 | D:2      | Reached skill level 1 in Axes
   719 | D:2      | Reached XP level 3. HP: 28/36 MP: 3/3
  1120 | D:2      | Reached XP level 4. HP: 44/44 MP: 4/4
  1301 | D:3      | Found an ancient bone altar of Kikubaaqudgha.
  1634 | D:3      | Found a runed translucent door.
  1638 | D:3      | Noticed opiumtea's ghost (amateur GrFE)
  1808 | D:3      | Found an opulent altar of Gozag.
  1844 | D:3      | Reached XP level 5. HP: 43/50 MP: 5/5
  1988 | D:3      | Found a runed translucent door.
  2065 | D:3      | Slain by an orc priest

Inventory:

Hand Weapons
 j - a +0 hand axe (weapon)
   (You found it on level 1 of the Dungeon)
Missiles
 a - 3 silver boomerangs
 c - 8 large rocks (quivered)
 d - 3 throwing nets
 q - 57 stones
Armour
 b - a +1 robe (worn)
Jewellery
 p - a ring of protection from fire (left hand)
   (You found it on level 1 of the Dungeon)
Scrolls
 e - 2 scrolls of remove curse
 g - 4 scrolls of identify
 k - a scroll of teleportation
 l - a scroll of magic mapping {unknown}
 m - a scroll of enchant armour
Potions
 h - a potion of curing
 i - a potion of cancellation {unknown}
 n - a potion of flight {unknown}
 o - a potion of mutation {unknown}
Comestibles
 f - 2 rations

Table legend:
 A = Turns spent in this place as a percentage of turns spent in the entire game.
 B = Non-inter-level travel turns spent in this place as a percentage of non-inter-level travel turns spent in the entire game.
 C = Inter-level travel turns spent in this place as a percentage of turns spent in this place.
 D = Turns resting spent in this place as a percentage of non-inter-level travel turns spent in this place.
 E = Turns spent auto-exploring this place as a percentage of non-inter-level travel turns spent in this place.
 F = Non-inter-level travel turns spent in this place divided by the number of levels of this place that you've seen.
                   A       B       C       D       E      F
               +-------+-------+-------+-------+-------+----------------------
         Total | 100.0 | 100.0 |   5.0 |   8.4 |  57.7 | 490.5
       Dungeon | 100.0 | 100.0 |   5.0 |   8.4 |  57.7 | 490.5
               +-------+-------+-------+-------+-------+----------------------


   Skills:
 - Level 2.7 Fighting
 * Level 2.8(2.9) Axes
   Level 0.6(1.7) Maces & Flails
 + Level 4.6 Throwing
 + Level 2.7 Dodging
 - Level 0.6 Stealth


You had 4 spell levels left.
You didn't know any spells.
Your spell library was empty.

Dungeon Overview and Level Annotations

Branches:
Dungeon (4/15)
 Temple: D:4-7

Altars:
Gozag
Kikubaaqudgha

Annotations:
D:3 2 runed translucent doors, opiumtea's ghost, amateur GrFE


Innate Abilities, Weirdness & Mutations

You are too large for most types of armour.
You have tough skin. (AC +1)


Message History

The orc priest mumbles some strange prayers to Beogh against you.
Beogh smites you! The orc hits you with a +0 club.
You closely miss the orc priest. You hit the orc.
The orc priest casts a cantrip, but nothing happens.
The orc barely misses you.
You barely miss the orc priest. You slash the orc!
You kill the orc!
The orc priest invokes the aid of Beogh against you.
Beogh smites you!
* * * LOW HITPOINT WARNING * * *
Throwing (i - inventory. (/) - cycle)
c - 9 large rocks (quivered)
Press: ? - help, Shift-Dir - straight line, f - orc priest
Aim: an orc priest, wielding a +1 short sword of flaming and wearing a +0 ring mail You throw a large rock.
The large rock hits the orc priest but does no damage.
The orc priest mumbles some strange prayers to Beogh against you.
Beogh smites you!
* * * LOW HITPOINT WARNING * * *
The orc priest hits you with a +1 short sword of flaming.
You die...

#.##.####.# #.......# ##.#..# #.#
#....#..# #....#####.#
#####.......#####
#..###.....#####..........>....#
##.####<#...).....###(.........).
..........###########.......###.#
##.####.### #.................
#.# #.# #.#######.######.. ##.##
#)# #.#.......# #.. #...###.##
#)#.......# #.. .........#
#@#.......# #.. #...###..#
#.o.......# #.. ##.## #..#
###.......# #..
#.####..#########.......# #..
#.......................# ###.#
#######.#.##########.#### #...#
#.#.# #.# #.### #.#.# #.# #.##.
########...# #.# #.##.
...........# #.# #.##.
#########+## #.# #.##.


You could see an orc priest.

Table legend:
 A = Kills in this place as a percentage of kills in entire the game.
 B = Kills by you in this place as a percentage of kills by you in the entire game.
 C = Kills by friends in this place as a percentage of kills by friends in the entire game.
 D = Other kills in this place as a percentage of other kills in the entire game.
 E = Experience gained in this place as a percentage of experience gained in the entire game.
 F = Experience gained in this place divided by the number of levels of this place that you have seen.
                   A       B       C       D       E      F
               +-------+-------+-------+-------+-------+----------------------
         Total | 100.0 | 100.0 |   N/A |   N/A | 100.0 |  43.2
       Dungeon | 100.0 | 100.0 |   N/A |   N/A | 100.0 |  43.2
               +-------+-------+-------+-------+-------+----------------------

Vanquished Creatures
  Monster Symbol All '5'
  A crimson imp (D:3)
1 creature vanquished. All 'K' 5 kobolds
5 creatures vanquished. All 'S' 2 adders (D:2) A ball python (D:3)
3 creatures vanquished. All 'b' 2 bats (D:3)
2 creatures vanquished. All 'g' 2 gnolls 4 goblins 2 hobgoblins
8 creatures vanquished. All 'l' 2 leopard geckos (D:2) 4 frilled lizards
6 creatures vanquished. All 'o' 3 orcs (D:3)
3 creatures vanquished. All 'r' A quokka (D:3) 9 rats
10 creatures vanquished. All 's' A giant cockroach (D:3)
1 creature vanquished. All 'w' 2 worms (D:2) A dart slug (D:1)
3 creatures vanquished.
42 creatures vanquished. Monster Nature Natural Monsters 2 gnolls 2 adders (D:2) 2 worms (D:2) A dart slug (D:1) 2 leopard geckos (D:2) 3 orcs (D:3) A ball python (D:3) A giant cockroach (D:3) 4 goblins 2 hobgoblins A quokka (D:3) 2 bats (D:3) 4 frilled lizards 5 kobolds 9 rats
41 creatures vanquished. Demonic Monsters A crimson imp (D:3)
1 creature vanquished.
42 creatures vanquished. Ascending Order A crimson imp (D:3) A dart slug (D:1) A giant cockroach (D:3) A quokka (D:3) A ball python (D:3) 2 gnolls 2 adders (D:2) 2 worms (D:2) 2 leopard geckos (D:2) 2 hobgoblins 2 bats (D:3) 3 orcs (D:3) 4 goblins 4 frilled lizards 5 kobolds 9 rats
42 creatures vanquished.

Action                   |  1- 3 |  4- 6 || total
-------------------------+-------+-------++-------
Melee: Club              |    14 |       ||    14
       Short sword       |     4 |       ||     4
       Hand axe          |    58 |    72 ||   130
Throw: Stone             |     6 |       ||     6
       Boomerang         |    15 |     2 ||    17
       Large rock        |       |     5 ||     5
  Use: Scroll            |     6 |       ||     6
 Stab: Sleeping          |     1 |     2 ||     3
  Eat: Chunk             |     1 |     2 ||     3
Armor: Robe              |    19 |    19 ||    38
Dodge: Dodged            |    35 |    40 ||    75
